 Dungeon Crawl Stone Soup version 0.31-a0-102-g33a4ccc0cb (webtiles) character file.

Game seed: 9451976634293317034

116 ytrimaz the Cudgeller (level 5, -1/75 HPs)
             Began as an Ogre Gladiator on May 26, 2023.
             Slain by an orc
             ... wielding a +2 morningstar of distortion
              (11 damage)
             ... on level 3 of the Dungeon.
             The game lasted 00:01:55 (1767 turns).

ytrimaz the Cudgeller (Ogre Gladiator)              Turns: 1767, Time: 00:01:56

Health: -1/75      AC:  3    Str: 17 (20) XL:     5   Next: 0%
Magic:  0/5        EV: 10    Int:  9      God:
Gold:   67         SH:  0    Dex:  9 (10) Spells: 4/4 levels left

rFire   . . .        a - +1 flail
rCold   . . .        (no shield)
rNeg    . . .        b - +0 robe
rPois   .            c - +0 hat
rElec   .            (no cloak)
rCorr   .            (gloves unavailable)
SInv    .            (boots unavailable)
Will    .....        l - amulet of guardian spirit Stlth
                     (no ring)
HPRegen 0.32/turn    (no ring)
MPRegen 0.09/turn

%: guardian spirit
@: berserking, very quick
A: large, unfitting armour, tough skin 1
a: no special abilities


You were on level 3 of the Dungeon.
You visited 1 branch of the dungeon, and saw 3 of its levels.

You collected 67 gold pieces.


Innate Abilities, Weirdness & Mutations

You are too large for most types of armour.
You have tough skin. (AC +1)


   Skills:
 - Level 2.6 Fighting
 + Level 4.0 Maces & Flails
 + Level 3.7 Throwing
 - Level 2.6 Dodging


You had 4 spell levels left.
You didn't know any spells.
Your spell library was empty.

Inventory:

Hand Weapons
 a - a +1 flail (weapon)
Missiles
 d - 3 throwing nets (quivered)
 e - a large rock
Armour
 b - a +0 robe (worn)
 c - a +0 hat (worn)
Jewellery
 l - an amulet of guardian spirit (around neck)
   (You found it on level 2 of the Dungeon)
Wands
 h - a wand of mindburst (10)
   (You found it on level 2 of the Dungeon)
Scrolls
 f - 2 scrolls of identify {unknown}
 g - a scroll of vulnerability {unknown}
 j - a scroll of fear {unknown}
 k - a scroll of teleportation
Potions
 m - a potion of curing {unknown}

Dungeon Overview and Level Annotations

Branches:
Dungeon (3/15) Zot: 16196

Altars:

##### ...#
..######.###
..........)<#
#'#.####..###
.( .......
#.##.#.#.#.#
...#o#.# #
#.#.#@#.#.#
#.#.......# #
###...###
#.### />#
##.# #.# #.#
#.#


You could see an orc.


Message History

You feel your dexterity returning.
Your Maces & Flails skill increases to level 4! 😕 HP[-5]
You take 5 damage, and now have 36/44 hp.
You sock the orc!
You kill the orc!
The ball python bites you. 😕 HP[-1] MP[-1]
You take 1 damage, and now have 35/44 hp.
You lost 1 mp, and now have 1/4 mp.
You hit the ball python. The ball python bites you. 😕 MP[-1]
You lost 1 mp, and now have 0/4 mp.
You barely miss the ball python. The ball python barely misses you.
The ball python closely misses you. 😕 HP[+1]
You closely miss the ball python. The ball python bites you. 😕 HP[-2]
You take 2 damage, and now have 34/44 hp.
You hit the ball python.
You kill the ball python!
The orc hits you with a +0 hand axe. 😮 HP[-2]
You take 2 damage, and now have 32/44 hp.
You are too injured to fight recklessly!
You are too injured to fight recklessly!
You are too injured to fight recklessly!
You are too injured to fight recklessly!
You are too injured to fight recklessly!
You are too injured to fight recklessly!
You are too injured to fight recklessly!
You are too injured to fight recklessly!
You are too injured to fight recklessly!
You are too injured to fight recklessly!
You are too injured to fight recklessly!
You are too injured to fight recklessly!
You are too injured to fight recklessly!
You are too injured to fight recklessly!
You are too injured to fight recklessly!
You hit the orc.
The orc hits you with a +0 hand axe. 😮 HP[-3] MP[+1]
You take 3 damage, and now have 29/44 hp.
Unknown command.
You barely miss the orc.
The orc hits you but does no damage. 😮 HP[+1]
You hit the orc.
The orc hits you with a +0 hand axe. 😮 HP[-3]
You take 3 damage, and now have 27/44 hp.
You hit the orc.
You kill the orc!
You hit the orc. The orc hits you but does no damage.
The orc hits you with a +0 dagger.
You barely miss the orc.
The orc hits you with a +0 dagger. 😮 HP[-1]
You take 1 damage, and now have 26/44 hp.
You closely miss the orc. The orc hits you but does no damage.
You hit the orc but do no damage.
The orc hits you but does no damage. 😮 HP[+1]
You hit the orc.
You kill the orc!
You have reached level 5! 😮 HP[+4]
You now have 50 max hp (+6).
You regained 4 hp, and now have 31/50 hp.
An orc comes into view.
It is wielding a +2 morningstar of distortion. 😕 HP[+9] MP[+3]
You regained 9 hp, and now have 40/50 hp.
You regained 3 mp, and now have 4/5 mp.
Items here: ))))) [[[ ††.
The orc shouts! 😕 HP[+1] MP[+1]
Your mp is fully restored (5).
You hit the orc but do no damage.
The orc hits you with a +2 morningstar of distortion.
You blink.
Found a bone wand.
Found a stone staircase leading down. 😕 HP[-2]
You take 2 damage, and now have 39/50 hp.
The orc sings a few bars from the Orcish anthem.
Unknown command. 😕 HP[+1]
The orc closely misses you.
You hit the orc but do no damage. The orc closely misses you.
Unknown command.
You hit the orc.
The orc hits you with a +2 morningstar of distortion!
Space warps horribly around you!!
* * * LOW HITPOINT WARNING * * *
😱 HP[-31] MP[-4]
You take 31 damage, and now have 9/50 hp.
MASSIVE DAMAGE!! (PAUSE)
You lost 4 mp, and now have 1/5 mp.
Unknown command.
It was a potion of berserk rage.
A red film seems to cover your vision as you go berserk!
You feel yourself moving faster!
You feel mighty!
The orc hits you with a +2 morningstar of distortion.
* * * LOW HITPOINT WARNING * * *
Space warps horribly around you!
You die...

Skill      XL: |  1  2  3  4 |
---------------+-------------+-----
Maces & Flails | 3 4 |  4.0
Throwing       | 3 |  3.7
Fighting       | |  2.6
Dodging        | |  2.6

Action                     |  1- 3 |  4- 6 || total
---------------------------+-------+-------++-------
  Melee: Flail             |    70 |    88 ||   158
         Punch             |       |     1 ||     1
    Use: Scroll            |     5 |       ||     5
         Potion            |     3 |     1 ||     4
   Stab: Distracted        |       |     1 ||     1
 Armour: Robe              |    20 |    27 ||    47
  Dodge: Dodged            |    43 |    38 ||    81

Levels and vault maps discovered:
D:1:      nzn_arrival_depleted_hourglass, layout_basic
D:2:      minmay_wonky_spiral, layout_loops_ring, minmay_nonomino_d4,
          uniq_terence
D:3:      layout_basic, basic_ecumenical_altar

Notes
Turn   | Place    | Note
-------+----------+-------------------------------------------
     0 | D:1      | ytrimaz the Ogre Gladiator began the quest for the Orb.
     0 | D:1      | Reached XP level 1. HP: 22/22 MP: 1/1
     0 | D:1      | magus.rc [v1.9.6]
   272 | D:1      | Reached XP level 2. HP: 25/29 MP: 2/2
   296 | D:1      | Reached skill level 3 in Maces & Flails
   632 | D:1      | You fall into a shaft and drop 1 floor!
   664 | D:2      | Noticed Terence
   672 | D:2      | Reached XP level 3. HP: 19/36 MP: 3/3
   698 | D:2      | Killed Terence
   699 | D:2      | Reached skill level 3 in Throwing
   706 | D:2      | Reached XP level 4. HP: 27/44 MP: 4/4
  1711 | D:3      | Reached skill level 4 in Maces & Flails
  1725 | D:3      | Reached XP level 5. HP: 31/50 MP: 1/5
  1766 | D:3      | HP: 9/50 [orc/+2 morningstar of distortion (19)]
  1767 | D:3      | Slain by an orc

Vanquished Creatures
  Terence (D:2)
  An orc wizard (D:3)
  An adder (D:2)
  A dart slug (D:2)
  2 worms (D:2)
  4 orcs (D:3)
  4 bats (D:2)
  4 endoplasms
  A giant cockroach (D:2)
  5 goblins
  5 hobgoblins
  A jackal (D:2)
  A quokka (D:2)
  2 ball pythons
  3 frilled lizards
  5 kobolds
  4 rats
45 creatures vanquished.

Table legend:
 A = Non-vault XP
 B = Vault XP
 C = Vault XP percentage of total XP
 D = Non-vault monster count
 E = Vault monster count
 F = Vault count percentage of total count
                 A         B        C        D         E       F
            +---------+---------+-------+---------+---------+-------
      Total |      92 |      74 |  44.6 |      32 |      13 |  28.9
            +---------+---------+-------+---------+---------+-------
        D:1 |      16 |       0 |   0.0 |      11 |       0 |   0.0
        D:2 |      27 |      74 |  73.3 |      15 |      13 |  46.4
        D:3 |      49 |       0 |   0.0 |       6 |       0 |   0.0
            +---------+---------+-------+---------+---------+-------

Skill      XL: |  1  2  3  4 |
---------------+-------------+-----
Maces & Flails | 3 4 |  4.0
Throwing       | 3 |  3.7
Fighting       | |  2.6
Dodging        | |  2.6

Action                     |  1- 3 |  4- 6 || total
---------------------------+-------+-------++-------
  Melee: Flail             |    70 |    88 ||   158
         Punch             |       |     1 ||     1
    Use: Scroll            |     5 |       ||     5
         Potion            |     3 |     1 ||     4
   Stab: Distracted        |       |     1 ||     1
 Armour: Robe              |    20 |    27 ||    47
  Dodge: Dodged            |    43 |    38 ||    81

Illustrated notes

Table legend:
 A = Kills in this place as a percentage of kills in the entire game.
 B = Kills by you in this place as a percentage of kills by you in the entire game.
 C = Kills by friends in this place as a percentage of kills by friends in the entire game.
 D = Other kills in this place as a percentage of other kills in the entire game.
 E = Experience gained in this place as a percentage of experience gained in the entire game.
 F = Experience gained in this place divided by the number of levels of this place that you have seen.
                   A       B       C       D       E      F
               +-------+-------+-------+-------+-------+----------------------
         Total | 100.0 | 100.0 |   N/A |   N/A | 100.0 |  55.3
       Dungeon | 100.0 | 100.0 |   N/A |   N/A | 100.0 |  55.3
               +-------+-------+-------+-------+-------+----------------------

Table legend: (Time is in decaauts)
 A = Elapsed time spent in this place.
 B = Non-inter-level travel time spent in this place.
 C = Inter-level travel time spent in this place.
 D = Time resting spent in this place.
 E = Time spent auto-exploring this place.
 F = Levels seen in this place.
 G = Mean time per level.
                   A        B        C        D        E       F      G
               +--------+--------+--------+--------+--------+-----+--------+
         Total |   1802 |   1731 |     71 |      0 |   1384 |   3 |  600.7 |
       Dungeon |   1802 |   1731 |     71 |      0 |   1384 |   3 |  600.7 |
               +--------+--------+--------+--------+--------+-----+--------+

Top non-repeatable levels by time:
     D:2: 1090 daAuts
     D:1: 640 daAuts
     D:3: 72 daAuts
